 Dungeon Crawl Stone Soup version 0.18-b1-14-g029dad2 (webtiles) character file.

37466 warlockg3 the Arsonist (level 13, -9/96 HPs)
             Began as a Red Draconian Fire Elementalist on Apr 29, 2016.
             Was an Elder of Vehumet.
             Mangled by a death yak (23 damage)
             ... on level 6 of the Lair of Beasts on Apr 30, 2016.
             The game lasted 05:13:10 (28870 turns).

warlockg3 the Arsonist (DrFE)                      Turns: 28870, Time: 05:13:10

Health: -9/96      AC: 18    Str: 15    XL:     13   Next: 58%
Magic:  24/26      EV: 13    Int: 17    God:    Vehumet [****..]
Gold:   1513       SH:  0    Dex: 11    Spells: 7 memorised, 3 levels left

rFire  + . .     SeeInvis +     n - +3 short sword (elec)
rCold  . . .     Gourm    .     (armour unavailable)
rNeg   . . .     Faith    .     (no shield)
rPois  +         Spirit   .     (helmet restricted)
rElec  .         Dismiss  .     N - +2 cloak {rPois}
rCorr  .         Reflect  .     K - +2 pair of gloves
SustAt .         Harm     .     I - +2 pair of boots
MR     .....                    V - amulet of magic regeneration
Stlth  +++.......               w - +2 ring of evasion
                                r - ring of wizardry

@: not resistant to hostile enchantments, fairly stealthy
A: breathe fire, unfitting armour, horns 2, stinger 1, see invisible, dopey 1,
fire resistance 1, frail 1, screaming 1, shaggy fur 1, strong 1, cold-blooded,
AC +8
a: Breathe Fire, Renounce Religion


You were on level 6 of the Lair of Beasts.
You worshipped Vehumet.
Vehumet was greatly pleased with you.
You were not hungry.

You visited 4 branches of the dungeon, and saw 20 of its levels.

You collected 1513 gold pieces.

Inventory:

Hand Weapons
 n - a +3 short sword of electrocution (weapon)
Armour
 I - a +2 pair of boots (worn)
 K - a +2 pair of gloves (worn)
 N - a +2 cloak of poison resistance (worn)
Jewellery
 r - a ring of wizardry (left hand)
 w - a +2 ring of evasion (right hand)
 E - an uncursed ring of protection from cold
 P - an uncursed ring of flight
 V - an amulet of magic regeneration (around neck)
Wands
 b - a wand of teleportation (6/9)
 u - a wand of acid (6/15)
 z - a wand of polymorph (14/24)
 H - a wand of digging (7/24)
 L - a wand of polymorph (10/24)
 M - a wand of iceblast (9/15)
 O - a wand of disintegration (5/24)
Scrolls
 d - a scroll of fog
 f - 4 scrolls of identify
 j - 9 scrolls of remove curse
 l - a scroll of enchant armour
 C - 2 scrolls of magic mapping
 T - 2 scrolls of amnesia
 Y - a scroll of teleportation
Potions
 c - a potion of curing
 e - a potion of invisibility
 g - a potion of resistance
 h - 3 potions of agility
 v - 2 potions of cure mutation
 S - 2 potions of might
 X - a potion of brilliance
Books
 a - a book of Flames

   Spells                             Type                      Level
   a - Flame Tongue                   Conjuration/Fire             1
   b - Throw Flame                    Conjuration/Fire             2
   c - Conjure Flame                  Conjuration/Fire             3
   d - Inner Flame                    Hexes/Fire                   3
   e - Sticky Flame                   Conjuration/Fire             4
   f - Fireball                       Conjuration/Fire             5
 i - the Grimoire of the Excruciating Glacier
   (You acquired it on level 9 of the Dungeon)

   Spells                             Type                      Level
   a - Flame Tongue                   Conjuration/Fire             1
   b - Searing Ray                    Conjuration                  2
   c - Force Lance                    Conjuration/Translocation    4
   d - Simulacrum                     Ice/Necromancy               6
 k - a book of Callings

   Spells                             Type                      Level
   a - Summon Small Mammal            Summoning                    1
   b - Call Imp                       Summoning                    2
   c - Call Canine Familiar           Summoning                    3
   d - Summon Guardian Golem          Hexes/Summoning              3
   e - Summon Lightning Spire         Summoning/Air                4
   f - Summon Ice Beast               Ice/Summoning                4
 m - a Fen Folio

   Spells                             Type                      Level
   a - Corpse Rot                     Necromancy                   2
   b - Stone Arrow                    Conjuration/Earth            3
   c - Leda's Liquefaction            Hexes/Earth                  4
   d - Summon Forest                  Summoning/Translocation      5
   e - Hydra Form                     Transmutation                6
   f - Summon Hydra                   Summoning                    7
 o - a book of the Earth

   Spells                             Type                      Level
   a - Leda's Liquefaction            Hexes/Earth                  4
   b - Bolt of Magma                  Conjuration/Fire/Earth       5
   c - Statue Form                    Transmutation/Earth          6
   d - Iron Shot                      Conjuration/Earth            6
   e - Shatter                        Earth                        9
 t - a book of Power

   Spells                             Type                      Level
   a - Fulminant Prism                Conjuration/Hexes            4
   b - Iskenderun's Mystic Blast      Conjuration                  4
   c - Venom Bolt                     Conjuration/Poison           5
   d - Bolt of Magma                  Conjuration/Fire/Earth       5
   e - Iron Shot                      Conjuration/Earth            6
   f - Orb of Destruction             Conjuration                  7
   g - Spellforged Servitor           Conjuration/Summoning        7
Miscellaneous
 x - a phantom mirror
 A - a disc of storms
 Q - a sack of spiders
 R - an ornate deck of wonders {the Helix}
 W - a lamp of fire
 Z - a plain deck of changes {the Blade}
Comestibles
 q - 2 meat rations
 B - 2 fruits
 J - 2 bread rations
 U - a royal jelly


   Skills:
 * Level 8.0 Fighting
 * Level 7.3 Short Blades
 * Level 9.8 Dodging
 * Level 6.9 Stealth
 + Level 9.0 Spellcasting
 * Level 9.5 Conjurations
 * Level 3.3 Transmutations
 - Level 11.0 Fire Magic
 - Level 3.0 Ice Magic
 + Level 3.1 Earth Magic
 - Level 3.8 Evocations


You had 3 spell levels left.
You knew the following spells:

 Your Spells              Type           Power        Failure   Level  Hunger
a - Statue Form           Trmt/Erth      ###......    98%         6    ######.
b - Throw Flame           Conj/Fire      #####.       1%          2    None
c - Sticky Flame          Conj/Fire      #####...     1%          4    ###....
d - Iskenderun's Mystic   Conj           #####...     1%          4    ###....
e - Fireball              Conj/Fire      #####.....   1%          5    #####..
f - Freeze                Ice            ###.         1%          1    None
g - Bolt of Magma         Conj/Fire/Erth ####......   1%          5    #####..


Dungeon Overview and Level Annotations

Branches:
Dungeon (11/15)            Temple (1/1) D:5            Lair (7/8) D:11
  Swamp (0/4) Lair:3       Spider (0/4) Lair:4        Slime (0/6) Lair:7
    Orc (1/2) D:9

Altars:
Ashenzari
Cheibriados
Dithmenos
Elyvilon
Fedhas
Gozag
Kikubaaqudgha
Makhleb
Nemelex Xobeh
Okawaru
Pakellas
Qazlal
Ru
Sif Muna
Trog
Vehumet
Xom
Yredelemnul
Zin
The Shining One

Shops:
D:10 }

Annotations:
D:10 feelmyfire's ghost, novice MiFi
Lair:7 feelmyfire's ghost, journeyman MiFi


Innate Abilities, Weirdness & Mutations

You can breathe blasts of fire.
Your fiery red scales are hard (AC +8).
Your body does not fit into most forms of armour.
Your flesh is heat resistant.
You are cold-blooded and may be slowed by cold attacks.
You have a pair of horns on your head.
Your tail ends in a poisonous barb.
You have supernaturally acute eyesight.
You are dopey. (Int -2)
You are frail (-10% HP).
You occasionally shout uncontrollably at your foes.
You are covered in fur (AC +1).
Your muscles are strong. (Str +2)


Message History

The blink frog blinks!
You have got your breath back.
You hit the plant but do no damage.
There is a sudden explosion of sparks!
The plant is moderately damaged.
The blink frog blinks!
The death yak gores you! The death yak gores you!!
* * * LOW HITPOINT WARNING * * *
Drink which item? (? for menu, Esc to quit)
Okay, then.
Something gores the plant!!
The plant is destroyed!
You see here a leather armour.
There is a stone staircase leading down here.
There is a stone staircase leading up here.
Drink which item? (? for menu, Esc to quit)
Okay, then.
Read which item? (? for menu, Esc to quit)
Okay, then.
The death yak gores you!!
You die...

.....###........##..####
....#.####[.##.........#
.#...##.P#.Y...........#
......................##
....##..##..Y.........##
.....##.##...Y........P#
....######..##.........#
....## #...#P.Y.....##
.....## #..##..@....##
.#....# ##..#.......##
....### #..#.........#
....## #...........##
.P..P# ###.........P#
....## #...#......###
...## ##...#....##
...#######..###P.P(#
..#...#P.#...#.....#


You could see 4 death yaks.

Vanquished Creatures
  Harold (Lair:3)
  7 hydras
  Erolcha (D:10)
  4 death yaks
  Urug (D:10)
  Nergalle (D:10)
  3 oklob plants
  2 orc sorcerers (Orc:1)
  2 ugly things
  A griffon (Lair:3)
  An elephant (D:11)
  3 black mambas
  Maurice (D:11)
  A centaur skeleton (D:11)
  12 spiny frogs
  2 komodo dragons
  23 blink frogs
  A redback (Lair:4)
  2 wyverns
  5 yaks (D:9)
  A vampire (D:11)
  2 basilisks
  6 hippogriffs
  A warg (D:9)
  The ghost of SkaryMonk the Cutter, an amateur OpAs (D:3)
  Duvessa (D:7)
  7 swamp worms (Lair:3)
  9 water moccasins
  10 porcupines
  2 ice beasts
  7 orc warriors
  2 sky beasts
  4 black bears
  7 ogres
  12 wolves
  2 phantoms
  A necrophage (D:6)
  An eye of draining (D:10)
  12 crocodiles
  A big kobold (D:8)
  A gnoll sergeant (D:10)
  17 giant frogs
  Dowan (D:7)
  3 scorpions
  4 killer bees (D:8)
  2 howler monkeys
  An electric eel (Lair:2)
  2 crimson imps
  2 giant frog zombies (D:5)
  A centaur zombie (D:3)
  A wasp zombie (D:7)
  A quasit (D:8)
  2 giant frog skeletons
  4 hounds
  9 orc priests
  10 iguanas
  3 jellies
  20 orc wizards
  4 hell rats (Lair:5)
  9 worker ants
  2 killer bee zombies
  22 sheep
  A hound zombie (D:11)
  A hound skeleton (D:5)
  8 gnolls (D:10)
  26 river rats
  8 adders
  An ooze (D:3)
  3 adder zombies
  20 worms
  4 dart slugs
  9 giant geckos
  42 orcs
  7 giant cockroaches
  7 goblins
  5 hobgoblins
  8 jackals
  3 quokkas
  A ball python (D:1)
  4 bats
  6 giant newts
  9 kobolds
  A quokka skeleton (D:5)
  9 rats
  3 fungi
  3 plants
473 creatures vanquished.

Vanquished Creatures (collateral kills)
  A spiny frog (Lair:6)
1 creature vanquished.

Vanquished Creatures (others)
  A hobgoblin (D:1)
  A bush (Lair:3)
  13 fungi
  9 plants
24 creatures vanquished.

Grand Total: 498 creatures vanquished

Notes
Turn   | Place    | Note
--------------------------------------------------------------
     0 | D:1      | warlockg3 the Draconian Fire Elementalist began the quest for the Orb.
     0 | D:1      | Reached XP level 1. HP: 14/14 MP: 3/3
   256 | D:1      | Reached XP level 2. HP: 11/20 MP: 5/5
  1387 | D:2      | Noticed a moth of wrath
  1390 | D:2      | Found a bloodstained altar of Trog.
  1394 | D:2      | Learned a level 2 spell: Throw Flame
  1410 | D:2      | Reached XP level 3. HP: 15/27 MP: 2/6
  2455 | D:3      | Noticed SkaryMonk's ghost (amateur OpAs)
  2477 | D:3      | Killed SkaryMonk's ghost
  2477 | D:3      | Reached skill level 1 in Fighting
  2477 | D:3      | Reached XP level 4. HP: 20/35 MP: 1/7
  2477 | D:3      | Reached XP level 5. HP: 23/40 MP: 1/8
  2930 | D:3      | Learned a level 4 spell: Sticky Flame
  3368 | D:3      | Reached skill level 1 in Short Blades
  3657 | D:4      | Noticed an ogre
  3667 | D:4      | Killed an ogre
  3667 | D:4      | Reached XP level 6. HP: 48/48 MP: 0/10
  3758 | D:4      | Reached skill level 4 in Fire Magic
  3894 | D:4      | Gained mutation: You have supernaturally acute eyesight. [potion of beneficial mutation]
  4179 | D:4      | Your scales start taking on a fiery red colour.
  4179 | D:4      | Reached skill level 5 in Fire Magic
  4179 | D:4      | Reached XP level 7. HP: 51/55 MP: 0/11
  4179 | D:4      | Gained mutation: Your flesh is heat resistant. [Red Draconian growth]
  4633 | D:5      | Entered Level 5 of the Dungeon
  4803 | D:5      | Found a shimmering altar of Xom.
  5314 | D:5      | Reached skill level 5 in Dodging
  5397 | D:5      | Learned a level 4 spell: Iskenderun's Mystic Blast
  5481 | D:5      | Found a staircase to the Ecumenical Temple.
  5792 | D:5      | Reached XP level 8. HP: 62/62 MP: 11/13
  6037 | Temple   | Entered the Ecumenical Temple
  6120 | Temple   | Became a worshipper of Vehumet
  7578 | D:6      | Reached skill level 6 in Fire Magic
  7582 | D:6      | Gained mutation: You have a pair of small horns on your head. [mutagenic meat]
  7583 | D:6      | Gained mutation: Your tail ends in a poisonous barb. [mutagenic meat]
  7584 | D:6      | Gained mutation: You have a pair of horns on your head. [mutagenic meat]
  7586 | D:6      | Gained mutation: You are frail (-10% HP). [mutagenic meat]
  7587 | D:6      | Gained mutation: Your muscles are strong. (Str +2) [mutagenic meat]
  7798 | D:6      | Learned a level 5 spell: Fireball
  7844 | D:6      | Reached XP level 9. HP: 59/63 MP: 13/16
  8193 | D:7      | Noticed Dowan
  8199 | D:7      | Noticed Duvessa
  8210 | D:7      | Killed Dowan
  8210 | D:7      | Reached skill level 5 in Spellcasting
  8276 | D:7      | Killed Duvessa
  8497 | D:7      | Noticed a white ugly thing
  8504 | D:7      | HP: 2/63 [white ugly thing (23)]
  8514 | D:7      | Killed a white ugly thing
  8975 | D:7      | Reached skill level 7 in Fire Magic
  9087 | D:7      | Reached * piety under Vehumet
  9087 | D:7      | Offered knowledge of Freeze by Vehumet.
  9087 | D:7      | Reached skill level 5 in Conjurations
  9093 | D:7      | Learned a level 1 spell: Freeze
  9389 | D:7      | Found a shattered altar of Ashenzari.
  9705 | D:8      | Reached skill level 1 in Ice Magic
 10133 | D:8      | Found a snail-covered altar of Cheibriados.
 10467 | D:9      | Found a staircase to the Orcish Mines.
 10523 | D:9      | Reached XP level 10. HP: 52/71 MP: 4/19
 10922 | D:9      | Found a glowing silver altar of Zin.
 10922 | D:9      | Found a burning altar of Makhleb.
 10923 | D:9      | Noticed a blizzard demon
 10923 | D:9      | Noticed an angel
 10969 | D:9      | Offered knowledge of Sandblast by Vehumet.
 11104 | D:9      | Found a sacrificial altar of Ru.
 11107 | D:9      | Reached ** piety under Vehumet
 11516 | D:9      | Found a basalt altar of Yredelemnul.
 11555 | D:10     | Entered Level 10 of the Dungeon
 11662 | D:10     | Noticed Urug
 11937 | D:10     | Noticed feelmyfire's ghost (novice MiFi)
 12620 | D:10     | Learned a level 5 spell: Bolt of Magma
 12674 | D:10     | Found Wete's Gadget Emporium.
 12717 | D:10     | Killed Urug
 12717 | D:10     | Reached skill level 8 in Fire Magic
 12950 | D:10     | Noticed Nergalle
 13289 | D:9      | Identified a scroll of acquirement
 13292 | D:9      | Identified the Grimoire of the Excruciating Glacier (You acquired it on level 9 of the Dungeon)
 13391 | Orc:1    | Entered Level 1 of the Orcish Mines
 14106 | Orc:1    | Noticed an orc sorcerer
 14107 | Orc:1    | Noticed an orange demon
 14111 | Orc:1    | Killed an orc sorcerer
 14334 | Orc:1    | Noticed an orc sorcerer
 14353 | Orc:1    | Killed an orc sorcerer
 14610 | D:10     | Noticed Erolcha
 14619 | D:10     | Killed Erolcha
 14619 | D:10     | Reached XP level 11. HP: 31/76 MP: 0/22
 14981 | D:10     | Offered knowledge of Dazzling Spray by Vehumet.
 15791 | D:10     | Killed Nergalle
 15791 | D:10     | Reached skill level 5 in Fighting
 15791 | D:10     | Reached skill level 5 in Short Blades
 15896 | D:11     | Noticed a purple ugly thing
 15904 | D:11     | Killed a purple ugly thing
 15904 | D:11     | Reached *** piety under Vehumet
 15904 | D:11     | Reached skill level 9 in Fire Magic
 16099 | D:11     | Found a staircase to the Lair.
 16139 | D:11     | Reached skill level 1 in Earth Magic
 16590 | D:11     | Offered knowledge of Static Discharge by Vehumet.
 16688 | D:11     | Reached skill level 5 in Stealth
 16976 | D:11     | Noticed Maurice
 16984 | D:11     | Killed Maurice
 17084 | D:11     | Found an opulent altar of Gozag.
 17707 | Lair:1   | Entered Level 1 of the Lair of Beasts
 17966 | Lair:1   | Reached skill level 1 in Evocations
 18213 | Lair:1   | Reached **** piety under Vehumet
 18848 | Lair:2   | Noticed a six-headed hydra
 18854 | Lair:2   | Killed a six-headed hydra
 19215 | Lair:2   | Noticed an oklob plant
 19224 | Lair:2   | Killed an oklob plant
 19377 | Lair:2   | Offered knowledge of Lightning Bolt by Vehumet.
 19687 | Lair:2   | Upgraded the game from 0.18-b1-10-g3f7de93 to 0.18-b1-14-g029dad2
 19773 | Lair:3   | Found a staircase to the Swamp.
 19942 | Lair:3   | Reached skill level 10 in Fire Magic
 20048 | Lair:3   | Noticed a six-headed hydra
 20054 | Lair:3   | Killed a six-headed hydra
 20054 | Lair:3   | Reached XP level 12. HP: 87/87 MP: 3/23
 20162 | Lair:3   | Noticed Harold
 20177 | Lair:3   | Killed Harold
 20512 | Lair:3   | HP: 3/87 [swamp worm (15)]
 22599 | Lair:4   | Reached ***** piety under Vehumet
 22715 | Lair:4   | Offered knowledge of Bolt of Fire by Vehumet.
 22732 | Lair:4   | Noticed a six-headed hydra
 22737 | Lair:4   | Killed a six-headed hydra
 23846 | Lair:4   | Found a hole to the Spider Nest.
 24141 | Lair:5   | Learned a level 6 spell: Statue Form
 24401 | Lair:5   | Reached skill level 1 in Transmutations
 24811 | Lair:5   | Noticed a five-headed hydra
 24816 | Lair:5   | Killed a five-headed hydra
 25132 | Lair:6   | Reached XP level 13. HP: 87/94 MP: 19/25
 25187 | Lair:6   | Reached skill level 11 in Fire Magic
 27640 | Lair:7   | Gained mutation: You are dopey. (Int -2) [potion of mutation]
 27640 | Lair:7   | Gained mutation: You occasionally shout uncontrollably at your foes. [potion of mutation]
 27640 | Lair:7   | Gained mutation: You are covered in fur (AC +1). [potion of mutation]
 27646 | Lair:7   | Found a staircase to the Slime Pits.
 27866 | Lair:7   | Noticed feelmyfire's ghost (journeyman MiFi)
 28870 | Lair:6   | Mangled by a death yak

Skill      XL: |  1  2  3  4  5  6  7  8  9 10 11 12 13 |
---------------+----------------------------------------+-----
Stealth        | 2 3 4 5 6 |  6.9
Dodging        | 2 3 4 5 6 7 8 9 |  9.8
Fighting       | 1 2 3 4 6 7 8 |  8.0
Conjurations   | 2 3 4 5 6 7 9 |  9.5
Short Blades   | 1 3 4 5 6 7 |  7.3
Fire Magic     | 5 6 7 8 10 11 | 11.0
Spellcasting   | 3 4 6 7 8 9 |  9.0
Ice Magic      | 1 2 3 |  3.0
Earth Magic    | 1 2 3 |  3.1
Evocations     | 2 3 |  3.8
Transmutations | 1 3 |  3.3

Action                   |  1- 3 |  4- 6 |  7- 9 | 10-12 | 13-15 || total
-------------------------+-------+-------+-------+-------+-------++-------
Melee: Unarmed           |    34 |       |       |       |       ||    34
       Tailslap          |    12 |    15 |    25 |    83 |    14 ||   149
       Dagger            |    45 |       |       |       |       ||    45
       Short sword       |    64 |   127 |   307 |   571 |   102 ||  1171
       Headbutt          |       |       |    11 |    97 |    23 ||   131
 Cast: Flame Tongue      |    23 |    33 |    45 |    23 |       ||   124
       Throw Flame       |     2 |     6 |   115 |   244 |    40 ||   407
       Sticky Flame      |       |     1 |    18 |    35 |     9 ||    63
       Iskenderun's Myst |       |       |     9 |     1 |       ||    10
       Fireball          |       |       |     5 |    32 |    14 ||    51
       Bolt of Magma     |       |       |       |   100 |    50 ||   150
 Abil: Breathe Fire      |       |       |    11 |    45 |     5 ||    61
Evoke: Wand              |       |       |       |     4 |       ||     4
  Use: Potion            |     5 |     4 |    11 |    12 |     2 ||    34
       Scroll            |       |     4 |    10 |    17 |     8 ||    39
 Stab: Sleeping          |     2 |     2 |       |     3 |       ||     7
       Invisible         |       |       |       |     1 |       ||     1
       Paralysed         |       |       |       |     1 |       ||     1
  Eat: Chunk             |     5 |     7 |    21 |    37 |     9 ||    79
       Bread ration      |       |       |     3 |     2 |     2 ||     7
       Beef jerky        |       |       |     1 |     2 |     1 ||     4
       Fruit             |       |       |     2 |    34 |     3 ||    39
       Meat ration       |       |       |       |     3 |     2 ||     5
Armor: Skin              |    48 |    31 |    67 |   159 |    43 ||   348
Dodge: Dodged            |    97 |    66 |   218 |   507 |   120 ||  1008
